 Dungeon Crawl Stone Soup version 0.30-a0-718-geaa24f58ff (webtiles) character file.

Game seed: 3320303854303343325

4 horus123 the Magician (level 1, -4/11 HPs)
             Began as an Octopode Hedge Wizard on Jan 25, 2023.
             Slain by Natasha (9 damage)
             ... on level 1 of the Dungeon.
             The game lasted 00:01:02 (524 turns).

horus123 the Magician (Octopode Hedge Wizard)        Turns: 524, Time: 00:01:03

Health: -4/11      AC:  1    Str:  9    XL:     1   Next: 60%
Magic:  4/4        EV: 13    Int: 16    God:
Gold:   35         SH:  0    Dex: 11    Spells: 5/6 levels left

rFire   . . .      SeeInvis .    d - +0 war axe
rCold   . . .      Faith    .    (no shield)
rNeg    . . .      Spirit   .    b - +0 hat
rPois   .          Reflect  .    (no amulet)
rElec   .          Harm     .    (no ring)
rCorr   .          Rampage  .    (no ring)
Will    .....                    (no ring)
Stlth   +++                      (no ring)
HPRegen 0.21/turn                (no ring)
MPRegen 0.09/turn                (no ring)
                                 (no ring)
                                 (no ring)

@: slowed, very slow
A: almost no armour, amphibious, 8 rings, camouflage 1, gelatinous body 1,
(nimble swimmer 1), tentacles
a: no special abilities


You were on level 1 of the Dungeon.
You visited 1 branch of the dungeon, and saw 2 of its levels.

You collected 35 gold pieces.

Inventory:

Hand Weapons
 d - a +0 war axe (weapon)
Armour
 b - a +0 hat (worn)
Scrolls
 a - a scroll of identify {unknown}
 i - a scroll of enchant armour {unknown}
 j - a scroll of fear {unknown}
Potions
 c - a potion of magic
 e - a potion of cancellation {unknown}
 f - 2 potions of flight {unknown}
 g - a potion of mutation {unknown}
 h - 2 potions of haste {unknown}


   Skills:
 - Level 2.0 Dodging
 - Level 2.6 Stealth
 + Level 3.2 Spellcasting
 - Level 1.0 Conjurations
 - Level 1.0 Summonings
 - Level 1.0 Translocations


You had 5 spell levels left.
You knew the following spells:

 Your Spells              Type           Power      Damage    Failure   Level
a - Magic Dart            Conj           20%        1d4       12%         1

Your spell library contained the following spells:

 Spells                   Type           Power      Damage    Failure   Level
 Slow                     Hex            8%         N/A       19%         1
 Blink                    Tloc           10%        N/A       19%         2
 Call Imp                 Summ           5%         N/A       19%         2
 Cigotuvi's Dreadful Rot  Necr/Pois/Air  4%         N/A       28%         2
 Mephitic Cloud           Conj/Pois/Air  3%         N/A       43%         3


Dungeon Overview and Level Annotations

Branches:
Dungeon (2/15)

Altars:

Annotations:
D:1 Natasha


Innate Abilities, Weirdness & Mutations

You cannot wear most types of armour.
You are amphibious.
You can wear up to eight rings at the same time.
Your skin changes colour to match your surroundings (Stealth+).
Your rubbery body absorbs attacks. (AC +1, EV +1)
((You are camouflaged when in or above water. (Stealth+)))
You have tentacles for arms and can constrict up to eight enemies at once.


Message History

The rat misses you.
You hit the rat.
You kill the rat!
No target in view!
Found a buckler.
No target in view!
You see here a +0 buckler.
Done exploring.
There is a stone staircase leading down here.
Done exploring.
(D) Dungeon
Where to? (? - help)
What level of the Dungeon? (default 1, ? - help)
There is a stone staircase leading down here.
You climb downwards.
Found a ring mail.
There is a stone staircase leading up here.
There are monsters nearby!
Found a stone staircase leading up.
Natasha hisses angrily.
The helpless goblin fails to defend itself.
You slash the goblin!
You kill the goblin!
You see here a +0 dagger.
Natasha stares at you and mumbles some strange words.
You feel yourself slow down.
Natasha stares at you and mumbles some strange words.
The magic dart hits you!
Ouch! That really hurt!
Natasha barely misses you.
There is a stone staircase leading up here.
Natasha closely misses you.
You climb upwards.
There is a stone staircase leading down here.
You barely miss Natasha. Your grab misses Natasha. Natasha closely misses you.
Natasha barely misses you. x2
You barely miss Natasha. Your grab misses Natasha. Natasha claws you.
Natasha claws you!
Ouch! That really hurt!
You die...

########[### #......# #.#
#.####.########### ## #.#
#.#............... .# #.#
#.#..#.##########. .# #.#
#.#..#.......# #. .#
#.#######.#.########.# #. .#
#.##...##.#..........# #.
.#######.##...##.################
................@................
..#########...##h##......########
..# ###########.##.####.#.......
..# #........##.##.#............
..# #........##.##.#.##.#.......
..# #........##.##.#.##.########
.## #........##.##.#.##.........
.# #........##.##.#.###########
.# #...........##.#.# #........


You could see Natasha.

Vanquished Creatures
  A giant cockroach (D:1)
  A goblin (D:2)
  2 rats (D:1)
4 creatures vanquished.

Notes
Turn   | Place    | Note
-------+----------+-------------------------------------------
     0 | D:1      | horus123 the Octopode Hedge Wizard began the quest for the
                  | Orb.
     0 | D:1      | Reached XP level 1. HP: 11/11 MP: 4/4
   511 | D:2      | Noticed Natasha
   524 | D:1      | Slain by Natasha

Illustrated notes

Levels and vault maps discovered:
D:1:      scummos_arrival_gate, layout_basic
D:2:      layout_loops_cross, uniq_robin, uniq_sigmund, uniq_natasha

Action                     || total
---------------------------++-------
  Melee: War axe           ||     6
         Constrict         ||     1
         Tentacles         ||     1
   Stab: Sleeping          ||     2
  Dodge: Dodged            ||     6

Table legend: (Time is in decaauts)
 A = Elapsed time spent in this place.
 B = Non-inter-level travel time spent in this place.
 C = Inter-level travel time spent in this place.
 D = Time resting spent in this place.
 E = Time spent auto-exploring this place.
 F = Levels seen in this place.
 G = Mean time per level.
                   A        B        C        D        E       F      G
               +--------+--------+--------+--------+--------+-----+--------+
         Total |    529 |    527 |      2 |      0 |    430 |   2 |  264.5 |
       Dungeon |    529 |    527 |      2 |      0 |    430 |   2 |  264.5 |
               +--------+--------+--------+--------+--------+-----+--------+

Top non-repeatable levels by time:
     D:1: 516 daAuts
     D:2: 12 daAuts
